Winsalmostnever, neutral male human Tourist ---- |...-- ---- -.....----..| .....|..<.| |.....--.-- -....--..--- ---.........| |.[....)....| ---......|.|.-- |.....).-|.|-- ---. --d---...||.| |.....@.| -----|.| |. -G--- |.| -- ). |.| -..- |.| G.. -. ... . ..|. . ----- -- Winsalmostnever the Rambler Experience level: 1 Strength: 12 Dexterity: 9 Constitution: 16 Intelligence: 13 Wisdom: 12 Charisma: 15 Health: 0(10) Energy: 3(3) Def: 7 Gold: 949 Moves: 1591 Dungeon seed: MuiBinRPySleu-F- Game ID: Winsalmostnever_1708258390 Your Inventory: Coins $ - 949 gold pieces Weapons a - 32 uncursed +2 darts s - an uncursed +0 orcish dagger (weapon in hand) H - 4 uncursed +0 daggers (in quiver) Armor e - an uncursed +0 Hawaiian shirt (being worn) r - an uncursed +0 Uruk-hai shield (being worn) y - an uncursed +0 orcish helm (being worn) z - an uncursed +0 studded leather armor (being worn) N - an uncursed +0 pair of iron shoes (being worn) Comestibles b - 7 uncursed food rations c - an uncursed Drug d - an uncursed tin of jackal meat f - 2 uncursed tins of newt meat g - an uncursed tripe ration h - an uncursed partly eaten egg Scrolls k - 5 uncursed scrolls of magic mapping t - an uncursed scroll of light v - an uncursed scroll of scare monster w - a cursed scroll of light x - an uncursed scroll of enchant armor E - an uncursed scroll of confuse monster F - an uncursed scroll of food detection Potions j - 2 uncursed potions of extra healing u - an uncursed potion of paralysis Tools l - an uncursed credit card m - an uncursed expensive camera (0:57) n - an uncursed leash o - an uncursed magic marker (0:0) p - an uncursed tin opener q - an uncursed towel B - an uncursed tallow candle (0:200) D - an uncursed leather drum G - an uncursed skeleton key Spells and supernatural/magical abilities: Name Level Category Cost Memory l - light 1 divination 100pw 98% W - pray for help -- divine ? -- Your skills at the end: Fighting Skills wands [Basic] Weapon Skills dart [Basic] Spellcasting Skills Final Attributes: You were fervently aligned. The Lady was noncommittal. You are dead. Vanquished creatures: a gnome king 2 dwarves a red mold 2 gnomes a garter snake a gecko a fox 3 kobolds 2 goblins 6 grid bugs a bat 2 lichens 4 newts 27 creatures vanquished. Voluntary challenges: You were an atheist. You used a wielded weapon 34 times, starting on turn 134. You read items or engraved 2 times, starting on turn 304. You never genocided any monsters. You never polymorphed an object. You never changed form. You used no wishes. You never split a pudding. You never wrote Elbereth's name. You never violated your personal moral code. Dungeon overview: The Dungeons of Doom: levels 1 to 4 Level 1 some fountains a long staircase Level 2 some fountains Level 3 an armor shop, a vault Level 4 some fountains stairs to The Gnomish Mines The Gnomish Mines: Level 5 <- You were here stairs to The Dungeons of Doom History has recorded: On T:1 you entered the Dungeons of Doom to retrieve the Amulet of Yendor! On T:235 you reached level 2 of The Dungeons of Doom. On T:845 you reached level 3 of The Dungeons of Doom. On T:1182 you reached level 4 of The Dungeons of Doom. On T:1523 you reached level 1 of The Gnomish Mines. Score breakdown: Gold: 520 ( 9241 points) Experience: 1 level ( 0 points) Exploration: 5 levels ( 10.64%) ( 8846 points) Discoveries: 7 items ( 2.31%) ( 4559 points) Valuables value: (no points given unless you survive) Artifact value: 0 ( 0 points) Variety of kills: 13 monsters ( 3.42%) ( 5548 points) Turncount: 1591 turns ( 0 points) Survival: died (score multiplied by 80%) Total score: 22555 Latest messages: The dwarf thrusts her dagger at Doggerino. The dwarf hits Doggerino. Doggerino bites the dwarf. The dwarf is killed! H - a dagger (in quiver). There are a few more objects here. This dwarf corpse tastes terrible! You stop eating. [12 turns] N - a pair of hard shoes. You start equipping your pair of hard shoes. You are now wearing a pair of hard shoes. [3 turns] H - 2 daggers (in quiver). The dagger misses the gnome. You miss the gnome. You hit the gnome. The gnome hits! You hit the gnome. (2x) The gnome hits! You die... For some reason, you think that you can almost hear the Wizard laugh manically... Final status: Aloha Winsalmostnever the Tourist, killed by a gnome... You died in The Gnomish Mines on dungeon level 5 with 22555 points, and 949 pieces of gold, after 1591 moves. You were level 1 with a maximum of 10 hit points when you died.